AoeStats
← Toruk Makto

Nomad

507741878Analyzed
4v4 RM · 12d ago on Sep 19, 2026· 39m 28s· 8 players
Game mode
Random Map
Map size
231×231
Population
200
Speed
Normal
Resources
Standard
Victory
Conquest
Starting age
Dark Age
Ending age
Imperial Age
RankedLock teamsTeams togetherTeam positionsShared explorationLock speedFull tech treeHidden civsTurbo modeCheats
Victory
Defeat
🇦🇷 Ethiopians · Argentina
1263
+14
🇩🇪 Vietnamese · Germany
1263
+14
🇮🇳 Malians · India
1189
+26
🇨🇴 Ethiopians · Colombia
1183
+18
🇹🇼 Dravidians · Taiwan
1233
-16
1218
-16
🇨🇳 Berbers · China
1214
-16
🇨🇳 Goths · China
1198
-15
吸尽瓶~~
4:08 Loom
13:48 Feudal Age
16:21 Gold Mining
16:17 Double-Bit Axe
19:11 Castle Age
17:19 Horse Collar
17:44 Man-at-Arms
20:11 Scale Mail Armor
19:36 Long Swordsman
20:17 Squires
20:46 Bow Saw
20:38 Heavy Plow
28:30 Wheelbarrow
39:36 Hand Cart
來都來了
3:18 Loom
12:45 Feudal Age
13:20 Town Watch
13:22 Double-Bit Axe
20:27 Castle Age
19:58 Gold Mining
20:05 Man-at-Arms
21:10 Gambesons
20:47 Long Swordsman
22:48 Scale Mail Armor
23:30 Forging
26:34 Wheelbarrow
26:20 Horse Collar
29:15 Bow Saw
31:27 Stone Mining
等我百转还爱你
14:54 Feudal Age
19:34 Double-Bit Axe
24:15 Castle Age
26:11 Thumb Ring
25:59 Fletching
30:21 Bodkin Arrow
30:27 Padded Archer Armor
32:04 Leather Archer Armor
42:05 Imperial Age
炮炮崽
6:45 Loom
8:36 Loom
13:30 Feudal Age
14:04 Double-Bit Axe
16:24 Wheelbarrow
17:02 Horse Collar
21:35 Castle Age
22:26 Bloodlines
22:24 Husbandry
22:37 Bow Saw
26:00 Forging
26:16 Scale Barding Armor
27:19 Hand Cart
28:32 Gold Mining
30:56 Town Watch
34:54 Imperial Age
34:46 Chain Barding Armor
35:02 Iron Casting
34:26 Fishing Lines
35:33 Gold Shaft Mining
34:48 Stone Mining
34:59 Cavalier
36:29 Town Patrol
36:44 Hand Cart
38:03 Elite Skirmisher
julianSD7
5:58 Loom
16:34 Feudal Age
17:44 Fishing Lines
20:29 Double-Bit Axe
22:21 Wheelbarrow
25:38 Castle Age
23:26 Town Watch
28:08 Hand Cart
28:14 Town Patrol
28:30 Fletching
31:24 Scale Mail Armor
31:41 Forging
32:38 Gillnets
33:58 Chain Mail Armor
34:47 Squires
36:46 Arson
38:18 Iron Casting
39:50 Royal Heirs
Toruk Makto
6:17 Loom
12:23 Feudal Age
16:07 Castle Age
15:09 Double-Bit Axe
17:07 Bow Saw
17:40 Horse Collar
18:44 Wheelbarrow
17:58 Town Watch
20:12 Gold Mining
21:39 Squires
21:25 Arson
24:11 Forging
24:55 Fletching
26:20 Hand Cart
28:04 Scale Mail Armor
29:24 Bodkin Arrow
29:30 Tigui
29:31 Stone Mining
30:37 Chain Mail Armor
30:58 Iron Casting
31:06 Heavy Plow
33:13 Masonry
36:08 Imperial Age
34:33 Ballistics
37:29 Plate Mail Armor
37:21 Conscription
38:04 Padded Archer Armor
39:07 Chemistry
38:14 Elite Gbeto
aged2
7:21 Loom
15:35 Feudal Age
16:18 Gold Mining
16:19 Double-Bit Axe
18:40 Wheelbarrow
18:37 Fishing Lines
19:33 Fletching
24:15 Castle Age
22:24 Stone Mining
22:38 Horse Collar
25:19 Medium Warships
26:26 Bow Saw
26:16 Gillnets
29:42 Hand Cart
30:55 Town Watch
34:00 Heavy Plow
37:07 Imperial Age
35:26 Stone Shaft Mining
35:09 Scale Mail Armor
35:55 Gold Shaft Mining
36:44 Chain Mail Armor
37:26 Forging
37:24 Squires
37:10 Arson
37:33 Royal Heirs
37:12 Elite Shotel Warrior
38:13 Conscription
39:00 Plate Mail Armor
40:04 Iron Casting
Tsunade
5:14 Loom
14:21 Feudal Age
15:09 Double-Bit Axe
15:35 Horse Collar
15:44 Town Watch
18:17 Castle Age
16:29 Fishing Lines
19:27 Bow Saw
21:58 Wheelbarrow
23:02 Gold Mining
23:04 Stone Mining
24:35 Hand Cart
24:45 Fletching
25:48 Bodkin Arrow
26:24 Padded Archer Armor
27:36 Ballistics
27:32 Leather Archer Armor
31:10 Imperial Age
31:54 Bracer
32:55 Two-Man Saw
32:57 Chemistry
32:02 Elite Rattan Archer
34:20 Thumb Ring
36:15 Stone Shaft Mining
35:52 Guilds
36:12 Coinage
37:17 Ring Archer Armor
37:28 Hoardings
38:37 Murder Holes
38:22 Treadmill Crane
39:14 Banking
40:01 Siege Engineers
Connection lost

Rejoining the realm…

Still unreachable

The connection could not be restored.

Session expired

The server has moved on; the page needs a fresh start.